 Dungeon Crawl Stone Soup version 0.29-a0-359-g541a27f54d (webtiles) character file.

Game seed: 4017981914403625489

22 Colgate the Sneak (level 3, -2/21 HPs)
             Began as a Kobold Brigand on Apr 27, 2022.
             Was a High Priest of Ignis.
             Slain by a goblin
             ... wielding a +0 club
             ... led by Robin
              (6 damage)
             ... on level 2 of the Dungeon.
             The game lasted 00:00:50 (944 turns).

Colgate the Sneak (Kobold Brigand)                   Turns: 944, Time: 00:00:50

Health: -2/21      AC:  3    Str:  8    XL:     3   Next: 7%
Magic:  3/3        EV: 14    Int: 12    God:    Ignis [*****.]
Gold:   36         SH:  0    Dex: 18    Spells: 2/2 levels left

rFire   + . .      SeeInvis .   a - +2 dagger
rCold   . . .      Faith    .   (no shield)
rNeg    . . .      Spirit   .   b - +0 robe
rPois   .          Reflect  .   (no helmet)
rElec   .          Harm     .   c - +0 cloak
rCorr   .          Rampage  .   (no gloves)
Will    .....                   (no boots)
Stlth   ++++......              (no amulet)
HPRegen 0.07/turn               (no ring)
MPRegen 0.08/turn               (no ring)

@: no status effects
A: small, no large weapons, nightstalker 3
a: Renounce Religion, Fiery Armour, Foxfire Swarm, Rising Flame


You were on level 2 of the Dungeon.
You worshipped Ignis.
Ignis was extremely pleased with you.
You visited 1 branch of the dungeon, and saw 2 of its levels.

You collected 36 gold pieces.

Inventory:

Hand Weapons
 a - a +2 dagger (weapon)
Missiles
 d - 14 poisoned darts (quivered)
 e - 3 curare-tipped darts
Armour
 b - a +0 robe (worn)
 c - a +0 cloak (worn)
Jewellery
 h - an amulet of regeneration
Scrolls
 f - a scroll of magic mapping {unknown}
Potions
 g - a potion of heal wounds {unknown}


   Skills:
 - Level 2.1 Fighting
 + Level 4.4 Short Blades
 - Level 2.1 Throwing
 - Level 1.2 Dodging
 - Level 5.3 Stealth


You had 2 spell levels left.
You didn't know any spells.
Your spell library was empty.

Dungeon Overview and Level Annotations

Branches:
Dungeon (2/15)

Altars:
Ignis

Annotations:
D:2 Robin


Innate Abilities, Weirdness & Mutations

You are small and have problems with some larger weapons.
You are completely attuned to the shadows.


Message History

There are monsters nearby!
A goblin comes into view. It is wielding a +0 club.
Found a fizzy green potion.
There are monsters nearby!
A hobgoblin and 3 goblins come into view.
The goblin shouts! x2; The hobgoblin shouts!
You hear a shout!
The goblin shouts!
You hear a shout!
A goblin comes into view. It is wielding a +0 club.
Robin of the Strong Arm comes into view.
They are wielding a +0 dagger.
The hobgoblin moves out of view.
The goblin shouts! x3; Robin shouts!
There are monsters nearby!
You hear a shout!
A hobgoblin comes into view.
The goblin barely misses you. The hobgoblin barely misses you.
The goblin hits you with a +0 club. The goblin hits you but does no damage.
Robin throws the goblin at you!
You hit the goblin. The goblin hits you with a +0 club.
The goblin closely misses you.
The goblin hits you but does no damage. x2
The hobgoblin completely misses you.
You closely miss the goblin. The goblin misses you.
The hobgoblin closely misses you. The goblin hits you but does no damage.
The goblin hits you with a +0 dagger. The goblin hits you with a +0 club.
Robin roars a battlecry!
The goblins go into a battle-frenzy!
The goblin closely misses you.
You hit the goblin.
You kill the goblin!
The goblin attacks as you move away! The goblin hits you but does no damage.
The goblin attacks as you move away! The goblin barely misses you.
The goblin completely misses you. The goblin hits you with a +0 club.
The hobgoblin hits you.
You see here a +0 dagger.
You barely miss the goblin. The goblin misses you.
The goblin barely misses you. The hobgoblin misses you.
The goblin barely misses you. The hobgoblin barely misses you.
You hit the goblin. The goblin hits you with a +0 club. x2
* * * LOW HITPOINT WARNING * * *
The hobgoblin closely misses you. The goblin hits you with a +0 club.
You die... ... .#.# ....#.#.# ..#..!..## #..gg#g... #gg@gg#

#.# #.#g#g#
#.# #.#.#.#
####.####.....
.....#....?...
.......######.
####.###
####.####
........#


You could see Robin, 2 hobgoblins and 6 goblins.

Vanquished Creatures
  3 endoplasms (D:1)
  2 giant cockroaches
  2 goblins
  3 hobgoblins (D:1)
  A quokka (D:2)
  3 ball pythons (D:1)
  A bat (D:1)
  5 rats (D:1)
20 creatures vanquished.

Notes
Turn   | Place    | Note
-------+----------+-------------------------------------------
     0 | D:1      | Colgate the Kobold Brigand began the quest for the Orb.
     0 | D:1      | Reached XP level 1. HP: 12/12 MP: 1/1
   273 | D:1      | Reached XP level 2. HP: 17/17 MP: 2/2
   338 | D:1      | Found a faded altar of an unknown god.
   395 | D:1      | Prayed at the altar of an unknown god.
   395 | D:1      | Became a worshipper of Ignis, the Dying Flame
   867 | D:2      | Reached XP level 3. HP: 21/21 MP: 3/3
   937 | D:2      | Noticed Robin
   944 | D:2      | Slain by a goblin

Illustrated notes

Levels and vault maps discovered:
D:1:      onia_arrival_handbag, layout_loops_ring,
          shapermc_ecumenical_altar_venn
D:2:      layout_loops_ring, basic_altar, moated_statue, minivault_11,
          cheibrodos_gnoll_hut, uniq_robin

Skill      XL: |  1  2 |
---------------+-------+-----
Short Blades   | 3 4 |  4.4
Fighting       | |  2.1
Throwing       | |  2.1
Dodging        | |  1.2
Stealth        | |  5.3

Action                   || total
-------------------------++-------
Melee: Dagger            ||    36
 Stab: Sleeping          ||    12
Armor: Robe              ||    11
Dodge: Dodged            ||    24

Table legend: (Time is in decaauts)
 A = Elapsed time spent in this place.
 B = Non-inter-level travel time spent in this place.
 C = Inter-level travel time spent in this place.
 D = Time resting spent in this place.
 E = Time spent auto-exploring this place.
 F = Levels seen in this place.
 G = Mean time per level.
                   A        B        C        D        E       F      G
               +--------+--------+--------+--------+--------+-----+--------+
         Total |    937 |    897 |     40 |      0 |    766 |   2 |  468.5 |
       Dungeon |    937 |    897 |     40 |      0 |    766 |   2 |  468.5 |
               +--------+--------+--------+--------+--------+-----+--------+

Top non-repeatable levels by time:
     D:1: 855 daAuts
     D:2: 81 daAuts
